 Dungeon Crawl Stone Soup version 0.28.0-62-gf88900778d (webtiles) character file.

Game seed: 9126178094237203920

69470 tkbsonic5 the Summoner (level 15, -4/104 HPs)
             Began as a Merfolk Summoner on July 2, 2023.
             Was a Priest of Jiyva.
             Slain by a skeletal warrior
             ... wielding a +0 halberd
             ... led by a death knight
              (19 damage)
             ... on level 13 of the Dungeon on July 8, 2023.
             The game lasted 02:33:36 (26128 turns).

tkbsonic5 the Summoner (Merfolk Summoner)          Turns: 26128, Time: 02:33:37

Health: -4/104     AC: 10    Str: 11    XL:     15   Next: 30%
Magic:  25/26      EV: 16    Int: 21    God:    Jiyva [***...]
Gold:   1179       SH:  0    Dex: 15    Spells: 4/29 levels left

rFire   . . .      SeeInvis +   R - +11 war axe of Amorality {flame, rC+ Int+2 SInv Stlth+, (11, 22+) Single, leave them alone.}
rCold   + . .      Faith    .   a - orb {light} {Apollo? Even now?}
rNeg    . . .      Spirit   .   N - +2 steam dragon scales
rPois   .          Reflect  .   D - +2 hat {SLIME BERSERKER}
rElec   .          Harm     .   (no cloak)
rCorr   +          Rampage  .   F - +0 pair of gloves
Will    +....      Rage     1%  E - +2 pair of boots
Stlth   ++........              m - amulet of the acrobat {The Magician}
HPRegen 1.39/turn               O - ring of wizardry {MC, Berserker}
MPRegen 0.55/turn               u - ring of wizardry {Tempering Belt}

@: glowing
A: (nimble swimmer 2), mertail, berserk 1, deformed body, noise suppression
a: Renounce Religion, Oozemancy


You were on level 13 of the Dungeon.
You worshipped Jiyva.
Jiyva was most pleased with you.
You visited 2 branches of the dungeon, and saw 19 of its levels.
You also visited: Ice Cave.

You collected 1322 gold pieces.
You spent 143 gold pieces at shops.

Inventory:

Hand Weapons
 H - the +8 demon blade "Leech" {vamp, Harm Drain rN+, (7,21^)}
   (You found it on level 6 of the Lair of Beasts)

   It heals its wielder for a portion of the damage dealt every time it strikes
   a living foe.
   rN:        It protects you from negative energy.
   Drain:     It drains your maximum health when unequipped.
   Harm:      It increases damage dealt and taken.
 R - the +11 war axe of Amorality (weapon) {flame, rC+ Int+2 SInv Stlth+, (11, 22+) Single, leave them alone.}
   (You found it on level 8 of the Dungeon)

   It burns those it strikes, dealing additional fire damage.
   Big, fiery blades are also staple armaments of hydra-hunters.
   Int:       It affects your intelligence (+2).
   rC:        It protects you from cold.
   SInv:      It lets you see invisible.
   Stlth:     It makes you more stealthy.
 Z - a +2 arbalest of freezing
Missiles
 b - 243 bolts
 i - 3 javelins
 p - 9 poisoned darts (quivered)
 s - 100 sling bullets
 t - 3 datura-tipped darts
Armour
 a - an orb of light (worn) {Apollo? Even now?}
 k - a +0 kite shield
 D - a +2 hat (worn) {SLIME BERSERKER}
 E - a +2 pair of boots (worn)
 F - a +0 pair of gloves (worn)
 N - +2 steam dragon scales (worn)
Magical Staves
 G - a staff of death
 M - a staff of earth
 S - a staff of cold
Jewellery
 d - a ring of protection from fire
 e - a +6 ring of intelligence {Sea Witch's Wisdoms}
 h - a ring of flight
 l - a ring of magical power {The Black Well Ring}
 m - an amulet of the acrobat (around neck) {The Magician}
 r - a ring of protection from fire
 u - a ring of wizardry (right hand) {Tempering Belt}
 w - a ring of magical power
 y - a ring of fire
 A - an amulet of magic regeneration
 L - a ring of ice
 O - a ring of wizardry (left hand) {MC, Berserker}
 Q - a +6 ring of dexterity
 W - a +4 ring of evasion
Wands
 q - a wand of iceblast (11)
 x - a wand of paralysis (5)
 I - a wand of mindburst (9)
Scrolls
 c - a scroll of fear
 g - a scroll of holy word
 n - 2 scrolls of fog
 B - 10 scrolls of teleportation
 C - 4 scrolls of magic mapping
 T - 2 scrolls of identify
 Y - a scroll of amnesia
Potions
 f - 2 potions of attraction
 j - 8 potions of curing
 o - 4 potions of resistance
 z - a potion of ambrosia
 J - a potion of haste
 K - a potion of magic
 P - 3 potions of flight
 U - 2 potions of mutation
 V - 3 potions of lignification
 X - 2 potions of cancellation
Miscellaneous
 v - a phial of floods (inert)


   Skills:
 * Level 5.6 Fighting
 * Level 5.6(6.0) Axes
 - Level 5.7(8.4) Polearms
 * Level 2.4 Throwing
 + Level 1.3 Armour
 * Level 9.1 Dodging
 - Level 4.6 Stealth
 - Level 0.8 Shields
 * Level 7.5 Spellcasting
 * Level 6.4 Conjurations
 * Level 5.7 Hexes
 * Level 11.5 Summonings
 - Level 0.9 Necromancy
 * Level 9.9 Transmutations
 * Level 4.3 Fire Magic
 - Level 0.5 Ice Magic
 * Level 7.7 Air Magic
 * Level 5.5 Earth Magic
 * Level 8.6 Poison Magic
 - Level 3.9 Evocations


You had 4 spell levels left.
You knew the following spells:

 Your Spells              Type           Power      Damage    Failure   Level
a - Statue Form           Tmut/Erth      26%        N/A       14%         6
b - Yara's Violent Unrav  Hex/Tmut       20%        3d9       2%          5
c - Summon Lightning Spi  Summ/Air       48%        N/A       1%          4
d - Mephitic Cloud        Conj/Pois/Air  39%        N/A       1%          3
e - Summon Guardian Gole  Hex/Summ       44%        N/A       1%          3
f - Sticky Flame          Conj/Fire      30%        2d5       2%          4

Your spell library contained the following spells:

 Spells                   Type           Power      Damage    Failure   Level
 Animate Skeleton         Necr           24%        N/A       1%          1
 Magic Dart               Conj           100%       1d8       1%          1
 Summon Small Mammal      Summ           100%       N/A       1%          1
 Call Imp                 Summ           54%        N/A       1%          2
 Call Canine Familiar     Summ           54%        N/A       1%          3
 Confusing Touch          Hex            31%        N/A       1%          3
 Conjure Flame            Conj/Fire      30%        6-21      1%          3
 Ignite Poison            Fire/Tmut/Pois 40%        N/A       1%          3
 Apportation              Tloc           14%        N/A       2%          1
 Portal Projectile        Hex/Tloc       38%        N/A       2%          3
 Leda's Liquefaction      Hex/Erth       15%        N/A       2%          4
 Alistair's Intoxication  Tmut/Pois      31%        N/A       1%          5
 Lee's Rapid Deconstruct  Erth           15%        3d11*     7%          5
 Enfeeble                 Hex            15%        N/A       82%         7
 Chain Lightning          Conj/Air       18%        3d24      100%        9
 Fire Storm               Conj/Fire      15%        8d4       100%        9
 Shatter                  Erth           15%        3d15*     100%        9


Dungeon Overview and Level Annotations

Branches:
Dungeon (13/15)            Temple (0/1) D:5            Lair (6/6) D:11
  Swamp (0/4) Lair:4        Snake (0/4) Lair:4        Slime (0/5) Lair:5
    Orc (0/2) D:10         Vaults (0/5) D:13          IceCv (visited)

Altars:
Xom
Jiyva

Shops:
D:4 !

Annotations:
D:4 2 runed translucent doors, browni3141's ghost, amateur HuEn
Lair:6 Rupert


Innate Abilities, Weirdness & Mutations

((You are very nimble when in or above water. (Stealth+, EV+, Speed+++)))
Your lower body shifts to a powerful aquatic tail in water.
You tend to lose your temper in combat.
Armour fits poorly on your strangely shaped body.
You passively dampen the noise of your surroundings.


Message History

* * * LOW HITPOINT WARNING * * *
The skeletal warrior hits you with a +0 war axe!
* * * LOW HITPOINT WARNING * * *
The skeletal warrior barely misses you.
The skeletal warrior burns!
The skeletal warrior stops burning.
The skeletal warrior hits you with a +0 war axe!
* * * LOW HITPOINT WARNING * * *
The skeletal warrior hits your guardian golem with a +0 war axe.
Okay, then.
You feel better.
The skeletal warrior hits you from afar with a +0 halberd!
* * * LOW HITPOINT WARNING * * *
The skeletal warrior hits you but does no damage.
The skeletal warrior hits your guardian golem with a +0 war axe!!
The skeletal warrior hits you from afar with a +0 halberd.
* * * LOW HITPOINT WARNING * * *
Your guardian golem overheats!
Casting: Summon Guardian Golem (safe; 1% risk of failure)
Confirm with . or Enter, or press ? or * to list all spells.
Okay, then.
The skeletal warrior hits you with a +0 war axe.
* * * LOW HITPOINT WARNING * * *
The skeletal warrior hits your guardian golem with a +0 war axe.
Flame seeps out of your guardian golem.
Unknown command.
Casting: Summon Guardian Golem (safe; 1% risk of failure)
Confirm with . or Enter, or press ? or * to list all spells.
Okay, then.
Okay, then.
Okay, then.
Casting: Summon Guardian Golem (safe; 1% risk of failure)
Confirm with . or Enter, or press ? or * to list all spells.
Okay, then.
You feel better.
You revert to your normal fleshy form.
Your +0 pair of gloves unmelds from your body.
Your +2 pair of boots unmelds from your body.
Your +2 steam dragon scales unmelds from your body.
The skeletal warrior hits you from afar with a +0 halberd!!
You die...

###..........#.....#..J.)#cc#
#..'.....J....'.....#JJ.JJ#§§#
#.##..........'..⌠..#..∩..#§§#
....'..........'.....#....J#§§#
##.##..........#.....#.....#.§#
...............##'''###''J##..#
.#.##........9z#.....#.....#...
###'#.####z#.....'.....#...
#.#.####@#..⌠..'..⌠..#...
#.#......#...J.'.....#.>#
#.######.#.....#.....#..# #.#
#.#############..# #.#
#................# #.#
#.......##....#### #########.#
#.......##....# # .)........#
#.......##....# # ########..#
#.......##....####


You could see 2 skeletal warriors, a neutral jelly (wandering, sheltered)(fellow
slime) and a friendly guardian golem (summoned, inner flame).

Vanquished Creatures
  Jorgrun (D:13)
  An acid blob (Lair:5)
  2 hydras
  A catoblepas (Lair:6)
  2 two-headed ogres (D:10)
  A centaur warrior (D:13)
  2 death knights
  4 death yaks (Lair:3)
  2 phantasmal warriors (D:12)
  2 manticores
  A cyclops (D:11)
  5 elephants (Lair:5)
  An ice statue (IceCv)
  2 gargoyles
  8 cane toads
  2 rime drakes (Lair:6)
  A yaktaur (D:13)
  A freezing wraith (D:13)
  3 komodo dragons
  2 trolls (D:12)
  A wind drake (Lair:6)
  A hornet (D:10)
  A polar bear (Lair:1)
  4 blink frogs
  8 dream sheep
  2 wraiths (D:12)
  12 yaks
  3 wyverns
  2 steam dragons
  2 basilisks
  2 vampire mosquitoes (D:12)
  11 humans (D:13)
  2 acid dragons
  A demonic crawler simulacrum (IceCv)
  7 water moccasins
  2 orc warriors
  A sky beast (D:6)
  An ice beast (D:7)
  An ogre (D:6)
  7 centaurs
  2 phantoms
  2 kobold brigands
  2 bullfrogs
  2 glowing shapeshifter simulacra (IceCv)
  2 wights (D:9)
  2 howler monkeys (D:10)
  3 centaur zombies
  A jelly (D:8)
  2 hounds
  An iguana (Lair:4)
  An orc wizard (D:9)
  An ogre zombie (D:10)
  A howler monkey zombie (D:9)
  An adder (D:3)
  3 gnolls
  8 white imps (D:12)
  2 adder skeletons (D:4)
  9 orcs
  2 ball pythons (D:3)
  2 giant cockroaches (D:1)
  3 goblins
  3 hobgoblins
  A jackal (D:1)
  A quokka (D:3)
  2 bats
  A goblin zombie (D:10)
  3 hobgoblin zombies (D:10)
  11 kobolds
  An orc skeleton (D:10)
  6 orc zombies (D:10)
  4 rats
200 creatures vanquished.

Vanquished Creatures (collateral kills)
  A dire elephant (Lair:6)
  7 hydras
  Erica (D:8)
  A centaur warrior (D:13)
  A two-headed ogre (D:11)
  4 death yaks (Lair:3)
  A sea snake (Lair:6)
  A deep elf pyromancer (D:13)
  2 ugly things
  An oklob plant (Lair:6)
  A necromancer (D:13)
  2 manticores
  5 elephants
  A centaur zombie (D:10)
  3 black mambas
  A gargoyle (D:7)
  4 cane toads
  Maggie (Lair:2)
  9 komodo dragons
  A polar bear (Lair:6)
  A snapping turtle (Lair:6)
  7 blink frogs
  A hornet (D:11)
  3 dream sheep (Lair:3)
  Sigmund (D:6)
  A wraith (D:9)
  10 yaks
  2 basilisks (Lair:3)
  4 wyverns
  5 humans (D:13)
  5 vampire mosquitoes (D:11)
  4 steam dragons
  A two-headed ogre zombie (D:10)
  A swamp worm (Lair:4)
  An acid dragon (D:9)
  8 water moccasins
  An ice beast (D:8)
  A sky beast (D:8)
  A black bear (Lair:2)
  3 ogres (D:4)
  5 centaurs
  2 phantoms (D:10)
  3 kobold brigands
  7 bullfrogs
  A gnoll sergeant (D:7)
  3 scorpions
  A water moccasin skeleton (D:5)
  3 killer bees (D:9)
  A wight (D:9)
  A howler monkey (D:10)
  5 jellies
  A hound (D:4)
  An orc priest (D:9)
  2 gnoll shamans
  A centaur skeleton (D:7)
  2 iguanas
  2 orc wizards
  A killer bee zombie (D:5)
  6 ogre zombies (D:10)
  9 gnolls
  8 adders
  A howler monkey skeleton (D:7)
  A shadow imp (D:6)
  4 white imps (D:12)
  An ufetubus (D:6)
  3 worms
  A dart slug (D:2)
  16 orcs
  5 bats
  17 endoplasms
  A giant cockroach (D:1)
  7 goblins
  8 hobgoblins
  A jackal (D:1)
  A quokka (D:1)
  3 ball pythons
  6 frilled lizards
  A goblin skeleton (D:10)
  3 goblin zombies (D:10)
  2 hobgoblin skeletons (D:10)
  2 hobgoblin zombies (D:10)
  12 kobolds
  6 orc zombies (D:10)
  2 rats (D:1)
278 creatures vanquished.

Vanquished Creatures (others)
  An azure jelly (IceCv)
  A quicksilver ooze (IceCv)
  2 vault guards (D:13)
  3 hydras
  A merfolk avatar (Lair:6)
  Urug (D:11)
  A harpy (Lair:6)
  A necromancer (D:13)
  A deep elf pyromancer (D:12)
  8 elephants
  2 black mambas
  2 ice statues (IceCv)
  3 cane toads
  A yaktaur (D:13)
  An entropy weaver simulacrum (IceCv)
  A troll (D:10)
  3 blink frogs (Lair:3)
  A snapping turtle (Lair:6)
  6 slime creatures
  A wraith (D:11)
  3 yaks
  3 humans (D:13)
  A vampire mosquito (D:11)
  4 demonic crawler simulacra (IceCv)
  A water moccasin (Lair:2)
  2 ugly thing simulacra (IceCv)
  A kobold brigand (D:10)
  A glowing shapeshifter simulacrum (IceCv)
  A killer bee (D:9)
  40 jellies
  An orc wizard (D:10)
  3 endoplasms (D:11)
  3 kobolds (D:8)
  43 fungi
  60 plants
208 creatures vanquished.

Grand Total: 686 creatures vanquished

Notes
Turn   | Place    | Note
-------+----------+-------------------------------------------
     0 | D:1      | tkbsonic5 the Merfolk Summoner began the quest for the Orb.
     0 | D:1      | Reached XP level 1. HP: 13/13 MP: 3/3
   210 | D:1      | Reached XP level 2. HP: 8/19 MP: 0/5
   901 | D:1      | Reached XP level 3. HP: 21/24 MP: 3/6
   907 | D:1      | Learned a level 3 spell: Call Canine Familiar
  1978 | D:2      | Reached skill level 5 in Summonings
  1980 | D:2      | Reached XP level 4. HP: 29/30 MP: 8/8
  2228 | D:2      | Found a faded altar of an unknown god.
  2276 | D:2      | Reached skill level 1 in Polearms
  2505 | D:2      | Learned a level 4 spell: Summon Lightning Spire
  2996 | D:3      | Reached XP level 5. HP: 29/35 MP: 9/9
  3176 | D:3      | Identified the +0 robe of Hedge Wizardry {Slay+2}
  3424 | D:3      | Reached skill level 1 in Air Magic
  4087 | D:4      | Reached XP level 6. HP: 29/41 MP: 2/10
  4182 | D:4      | Found Yplyvoul's Distillery.
  4190 | D:4      | Bought a potion of heal wounds for 55 gold pieces
  4190 | D:4      | Bought a potion of invisibility for 88 gold pieces
  4256 | D:4      | Found a large runed translucent door.
  4256 | D:4      | Found a large runed translucent door.
  4260 | D:4      | Noticed browni3141's ghost (amateur HuEn)
  4378 | D:4      | Reached skill level 6 in Summonings
  4702 | D:4      | Reached XP level 7. HP: 46/46 MP: 4/12
  5053 | D:5      | Entered Level 5 of the Dungeon
  5462 | D:5      | Found a staircase to the Ecumenical Temple.
  5529 | D:5      | Reached skill level 7 in Summonings
  5641 | D:5      | Reached XP level 8. HP: 52/52 MP: 6/14
  5857 | D:5      | Learned a level 3 spell: Mephitic Cloud
  6088 | D:6      | Reached skill level 1 in Poison Magic
  6318 | D:6      | Reached skill level 1 in Conjurations
  6688 | D:6      | Noticed Sigmund
  6692 | D:6      | Killed Sigmund
  7141 | D:7      | Reached skill level 8 in Summonings
  7141 | D:7      | Reached XP level 9. HP: 44/57 MP: 4/16
  7617 | D:7      | Learned a level 3 spell: Summon Guardian Golem
  7632 | D:7      | Noticed a gargoyle
  7649 | D:7      | Killed a gargoyle
  7650 | D:7      | Reached skill level 5 in Spellcasting
  7822 | D:7      | Learned a level 5 spell: Alistair's Intoxication
  8311 | D:8      | Reached skill level 1 in Transmutations
  8354 | D:8      | Reached skill level 1 in Fighting
  8354 | D:8      | Reached skill level 5 in Polearms
  8696 | D:8      | Identified the +11 war axe of Amorality {flame, rC+ Int+2
                  | SInv Stlth+}
  8716 | D:8      | Noticed Erica
  8730 | D:8      | Killed Erica
  8731 | D:8      | Reached skill level 5 in Air Magic
  8731 | D:8      | Reached XP level 10. HP: 67/67 MP: 5/17
 10114 | D:9      | Reached skill level 1 in Axes
 10125 | D:9      | Reached skill level 9 in Summonings
 10781 | D:9      | Reached skill level 1 in Hexes
 10949 | D:10     | Entered Level 10 of the Dungeon
 11238 | D:9      | Reached skill level 5 in Dodging
 11238 | D:9      | Reached skill level 1 in Evocations
 11696 | D:10     | Noticed a two-headed ogre
 11699 | D:10     | Noticed a two-headed ogre
 11703 | D:10     | Killed a two-headed ogre
 11704 | D:10     | Reached skill level 5 in Poison Magic
 11713 | D:10     | Reached XP level 11. HP: 27/75 MP: 2/19
 11851 | D:10     | Killed a two-headed ogre
 11852 | D:10     | Reached skill level 5 in Transmutations
 12201 | D:10     | Found a shimmering altar of Xom.
 12384 | D:10     | Found a staircase to the Orcish Mines.
 13215 | D:11     | Learned a level 6 spell: Statue Form
 13437 | D:11     | Noticed Urug
 13446 | D:11     | Killed Urug
 13534 | D:11     | Found a staircase to the Lair.
 13718 | D:11     | Noticed a cyclops
 13726 | D:11     | Reached skill level 1 in Earth Magic
 13728 | D:11     | Killed a cyclops
 13914 | D:11     | Noticed a seven-headed hydra
 13932 | D:11     | Killed a seven-headed hydra
 14072 | D:11     | Noticed an eight-headed hydra
 14081 | D:11     | Killed an eight-headed hydra
 14147 | D:11     | Noticed a two-headed ogre
 14164 | D:11     | Killed a two-headed ogre
 14245 | D:11     | Noticed a white ugly thing
 14254 | D:11     | Killed a white ugly thing
 14789 | Lair:1   | Entered Level 1 of the Lair of Beasts
 14817 | Lair:1   | Reached XP level 12. HP: 83/83 MP: 12/21
 14824 | Lair:1   | Learned a level 4 spell: Sticky Flame
 15048 | Lair:1   | Noticed a six-headed hydra
 15055 | Lair:1   | Killed a six-headed hydra
 15296 | Lair:1   | Reached skill level 10 in Summonings
 15731 | Lair:1   | Reached skill level 1 in Fire Magic
 16541 | Lair:2   | Noticed an eight-headed hydra
 16567 | Lair:2   | Killed an eight-headed hydra
 16698 | Lair:2   | Noticed a five-headed hydra
 16710 | Lair:2   | Killed a five-headed hydra
 17385 | Lair:2   | Noticed Maggie
 17403 | Lair:2   | Killed Maggie
 17993 | Lair:3   | Noticed a seven-headed hydra
 18005 | Lair:3   | Killed a seven-headed hydra
 18072 | Lair:3   | Reached XP level 13. HP: 69/90 MP: 1/22
 18259 | Lair:3   | Reached skill level 5 in Conjurations
 19924 | Lair:4   | Found a staircase to the Snake Pit.
 20186 | Lair:4   | Learned a level 5 spell: Yara's Violent Unravelling
 20696 | Lair:4   | Reached skill level 11 in Summonings
 20701 | Lair:4   | Reached XP level 14. HP: 96/96 MP: 18/24
 20854 | Lair:4   | Found a staircase to the Swamp.
 21530 | Lair:5   | Found a runed translucent door.
 21531 | Lair:5   | Found a viscous altar of Jiyva.
 21531 | Lair:5   | Noticed an acid blob
 21533 | Lair:5   | Found a staircase to the Slime Pits.
 21575 | Lair:5   | Gained mutation: You tend to lose your temper in combat.
                  | [mutagenic glow]
 21586 | Lair:5   | Gained mutation: You passively dampen the noise of your
                  | surroundings. [mutagenic glow]
 22144 | Lair:6   | Entered Level 6 of the Lair of Beasts
 22296 | Lair:6   | Noticed a dire elephant
 22310 | Lair:6   | Killed a dire elephant
 22564 | Lair:6   | Reached skill level 5 in Hexes
 22625 | Lair:6   | Reached skill level 5 in Axes
 22779 | Lair:5   | Killed an acid blob
 22797 | Lair:5   | Became a worshipper of Jiyva Jauxzoif the Shapeless
 22890 | Lair:6   | Reached skill level 5 in Earth Magic
 23100 | Lair:6   | Reached skill level 5 in Fighting
 23100 | Lair:6   | Reached skill level 1 in Throwing
 23317 | Lair:6   | Noticed Rupert
 23422 | Lair:6   | Reached * piety under Jiyva
 23620 | Lair:6   | Found the +8 demon blade "Leech" {vamp, Harm Drain rN+}
 24124 | D:12     | Found a frozen archway.
 24154 | IceCv    | Entered an ice cave
 24182 | IceCv    | Killed a quicksilver ooze
 24202 | IceCv    | Noticed a quicksilver ooze
 24211 | IceCv    | Gained mutation: Armour fits poorly on your strangely
                  | shaped body. [mutagenic glow]
 24381 | IceCv    | Killed an azure jelly
 24514 | D:12     | Reached ** piety under Jiyva
 25089 | D:12     | Reached skill level 1 in Armour
 25586 | D:13     | Reached XP level 15. HP: 103/103 MP: 21/26
 25795 | D:13     | Found a gate to the Vaults.
 25850 | D:13     | Reached *** piety under Jiyva
 26062 | D:13     | Noticed Jorgrun
 26073 | D:13     | Killed Jorgrun
 26128 | D:13     | Slain by a skeletal warrior

Illustrated notes

Levels and vault maps discovered:
D:1:      dpeg_arrival_three_same_balls, layout_rooms, hex_intersection
D:2:      kennysheep_big_flooded_room, layout_basic,
          shapermc_ecumenical_altar_mp_highgroup
D:3:      kennysheep_six_static_rooms, layout_loops_ring, grunt_ministairs_1,
          minmay_fractal_squares_5
D:4:      layout_basic, ebering_ghost_disaster_area, serial_shops,
          nicolae_shop_statue_plus
D:5:      layout_loops_ring, minmay_temple_entry_gardened_gates,
          minmay_misc_feat_enclosed
D:6:      layout_rooms, kennysheep_generic_room_8, uniq_sigmund
D:7:      layout_gridville
D:8:      layout_layer_cave, hangedman_abyss_or_decor_stagger,
          minmay_misc_feat_hallway, uniq_erica
D:9:      layout_long_grid, chequers_decorated_corner
D:10:     layout_long_grid, xom_confusion_cloud, zombieorc2_lemuel,
          minivault_24, grunt_ministairs_6
D:11:     lemuel_slime, layout_loops_ring, lair_entry_dummy, uniq_urug
D:12:     layout_gridville, serial_rivers, chequers_serial_rivers_micro_c,
          chequers_serial_rivers_micro_d, chequers_serial_rivers_marsh,
          chequers_serial_rivers_micro_b, chequers_serial_rivers_marsh,
          gauntlet_entry_generic, portal_ice_cave_entry_imps
D:13:     layout_basic, grunt_vaults_entry_tiered, uniq_jorgrun
Lair:1:   layout_regular_city
Lair:2:   layout_regular_city, uniq_maggie
Lair:3:   layout_cave_pods, grunt_megastairs_2
Lair:4:   layout_long_grid, palyth_hydra_swamp_entry, dummy_snake_entry,
          lemuel_fruit_tree, serial_bayou_shore_a
Lair:5:   layout_gridlike, slime_altar_2, grunt_megastairs_3
Lair:6:   gammafunk_lair_ancient_temple, layout_regular_city,
          minmay_lair_oklob_items, uniq_rupert

Skill      XL: |  1  2  3  4  5  6  7  8  9 10 11 12 13 14 15 |
---------------+----------------------------------------------+-----
Summonings     | 5 6 7 8 9 10 11 | 11.5
Polearms       | 1 2 3 5 |  5.7
Air Magic      | 1 2 3 4 5 6 7 |  7.7
Spellcasting   | 3 4 5 6 7 |  7.5
Poison Magic   | 2 4 5 6 7 8 |  8.6
Conjurations   | 1 2 3 4 5 6 |  6.4
Dodging        | 4 5 6 7 8 9 |  9.1
Transmutations | 2 4 6 7 8 9 |  9.9
Fighting       | 2 3 4 5 |  5.6
Axes           | 2 3 4 5 |  5.6
Hexes          | 2 3 4 5 |  5.7
Evocations     | 1 2 3 |  3.9
Earth Magic    | 2 3 4 5 |  5.5
Fire Magic     | 2 3 4 |  4.3
Stealth        | 3 4 |  4.6
Throwing       | 2 |  2.4
Armour         | 1 |  1.3
Shields        | |  0.8
Necromancy     | |  0.9
Ice Magic      | |  0.5

Action                   |  1- 3 |  4- 6 |  7- 9 | 10-12 | 13-15 || total
-------------------------+-------+-------+-------+-------+-------++-------
Melee: Hand axe          |    26 |       |       |       |       ||    26
       Whip              |    22 |       |       |       |       ||    22
       Spear             |       |    81 |    17 |       |       ||    98
       Punch             |       |     1 |       |     2 |     5 ||     8
       Halberd           |       |       |    35 |       |       ||    35
       Scythe            |       |       |     7 |       |       ||     7
       War axe           |       |       |       |   111 |   293 ||   404
       Tailslap          |       |       |       |       |     2 ||     2
Throw: Dart              |       |       |    14 |    17 |    46 ||    77
       Javelin           |       |       |       |       |     6 ||     6
 Cast: Summon Small Mamm |    37 |    42 |    28 |       |       ||   107
       Call Canine Famil |     7 |    25 |    28 |    48 |    14 ||   122
       Summon Lightning  |       |     1 |    33 |    69 |    76 ||   179
       Mephitic Cloud    |       |       |     8 |    16 |    23 ||    47
       Summon Guardian G |       |       |     5 |    39 |    62 ||   106
       Alistair's Intoxi |       |       |       |     7 |       ||     7
       Sticky Flame      |       |       |       |     5 |    26 ||    31
       Statue Form       |       |       |       |       |    46 ||    46
       Yara's Violent Un |       |       |       |       |     6 ||     6
Evoke: Wand              |       |       |       |    32 |       ||    32
       Phial of floods   |       |       |       |       |     2 ||     2
  Use: Scroll            |       |    11 |     8 |    10 |    14 ||    43
       Potion            |       |       |     1 |     7 |    15 ||    23
 Stab: Distracted        |     1 |     1 |     4 |     1 |     6 ||    13
       Sleeping          |       |     2 |       |       |       ||     2
       Confused          |       |       |     1 |     2 |     3 ||     6
Armor: Leather armour    |    24 |     7 |       |       |       ||    31
       Robe              |       |     1 |     3 |    10 |       ||    14
       Skin              |       |       |     9 |    14 |   214 ||   237
       Steam dragon scal |       |       |       |    34 |    49 ||    83
Dodge: Dodged            |    48 |    17 |    29 |   156 |   443 ||   693
Block: Kite shield       |       |       |       |     7 |       ||     7
